 Dungeon Crawl Stone Soup version 0.28-a0-1389-gc726bef33b (webtiles) character file.

Game seed: 176481027913153316

657 ReploidZero the Magician (level 7, 0/40 HPs)
             Began as a Djinni Conjurer on Jan 3, 2022.
             Was a Follower of Hepliaklqana.
             Slain by a sky beast (2 damage)
             ... on level 5 of the Dungeon.
             The game lasted 00:07:38 (4773 turns).

ReploidZero the Magician (Djinni Conjurer)          Turns: 4773, Time: 00:07:38

Health: 0/40       AC:  2    Str:  6    XL:     7   Next: 85%
Gold:   101        EV: 12    Int: 22    God:    Hepliaklqana [*.....] SH:  0 Dex: 11

rFire   + + .      SeeInvis .   i - +2 dagger (holy)
rCold   x . .      Faith    .   (no shield)
rNeg    . . .      Spirit   .   a - +0 robe
rPois   ∞          Reflect  .   (no helmet)
rElec   .          Harm     .   (no cloak)
rCorr   .          Rampage  .   (no gloves)
Will    .....                   (boots unavailable)
Stlth   ++........              (no amulet)
HPRegen 0.13/turn               (no ring)
MPRegen 0.00/turn               (no ring)

@: flying
A: reduced essence, sickness immunity, fire resistance 2, cold vulnerability 1,
float, innate caster, hp casting, extra vitality 1
a: Renounce Religion, Recall Ancestor, Ancestor Identity


You were on level 5 of the Dungeon.
You worshipped Hepliaklqana.
Hepliaklqana was aware of your devotion.
You visited 1 branch of the dungeon, and saw 5 of its levels.

You collected 101 gold pieces.

Inventory:

Hand Weapons
 i - a +2 dagger of holy wrath (weapon)
Armour
 a - a +0 robe (worn)
Jewellery
 e - a +6 ring of intelligence
 k - a ring of protection from fire
 m - an amulet of reflection
 n - a +6 ring of intelligence
Wands
 g - a wand of flame (37)
Scrolls
 b - a scroll of teleportation {unknown}
 c - 4 scrolls of identify {unknown}
 o - a scroll of silence {unknown}
Potions
 d - a potion of mutation {unknown}
 f - a potion of lignification {unknown}
 h - 2 potions of attraction {unknown}
 j - a potion of resistance {unknown}
 l - a potion of curing {unknown}


   Skills:
 - Level 2.1 Dodging
 - Level 1.5 Stealth
 + Level 6.7 Spellcasting
 - Level 2.1 Invocations


You couldn't memorise any spells.
You knew the following spells:

 Your Spells              Type           Power      Damage    Failure   Level
a - Magic Dart            Conj           100%       1d8       1%          1
b - Searing Ray           Conj           74%        2d7       1%          2
c - Dazzling Flash        Conj/Hex       74%        N/A       1%          3
d - Fulminant Prism       Conj/Hex       18%        3d11      5%          4
e - Iskenderun's Mystic   Conj/Tloc      37%        2d9       5%          4
f - Pain                  Necr           100%       1d9       1%          1
g - Corpse Rot            Necr/Air       74%        N/A       1%          2
h - Poisonous Vapours     Pois/Air       74%        N/A       1%          2
Your spell library was empty.

Dungeon Overview and Level Annotations

Branches:
Dungeon (5/15)
 Temple: D:4-7

Altars:
Elyvilon
Hepliaklqana
Kikubaaqudgha
Nemelex Xobeh
Qazlal
Vehumet
Xom

Shops:
D:1 [

Annotations:
D:3 3 runed translucent doors, coconutsonar's ghost, amateur DjWz


Innate Abilities, Weirdness & Mutations

Your life essence is reduced to manifest your ancestor. (-10% HP)
You are immune to sickness and miasma.
You are immune to poison.
Your flesh is very heat resistant. (rF++)
You are vulnerable to cold. (rC-)
You float through the air rather than walking.
You learn spells naturally, not from books.
Your magical power is your life essence.
You have superior vitality. (+4 MHP)


Message History

The sky beast hits you. The sky beast shocks you.
Ealdgyð hits the sky beast.
Casting: Magic Dart (safe; 1% risk of failure)
Confirm with . or Enter, or press ? or * to list all spells.
Aiming: Searing Ray (safe; 1% risk of failure)
Press: ? - help, Shift-Dir - straight line, f/p - sky beast
Aim: a sky beast (severely wounded, ally target, 73% to hit)
The searing ray misses the sky beast. (Press . to maintain the ray.)
The sky beast flickers out of sight!
Deactivating autopickup; reactivate with Ctrl-A.
Something hits you but does no damage.
Ealdgyð hits something but does no damage.
Something hits you. Something shocks you.
* * * LOW HITPOINT WARNING * * *
Ealdgyð barely misses something.
* * * LOW HITPOINT WARNING * * *
Something hits you.
* * * LOW HITPOINT WARNING * * *
Something shocks you.
* * * LOW HITPOINT WARNING * * *
Ealdgyð hits something.
Unknown command.
Okay, then.
Casting: Searing Ray (safe; 1% risk of failure)
Confirm with . or Enter, or press ? or * to list all spells.
Okay, then.
Unknown command.
That's the wrong kind of item! (Use * to select it.) Evoke which item? (* to show all) (? for menu, Esc to quit)
Okay, then.
Unknown command.
Unknown command.
Ealdgyð misses something.
An ogre comes into view. It is wielding a +0 giant club.
There is an escape hatch in the ceiling here.
You see here a +0 hand axe.
An ogre comes into view. It is wielding a +0 giant club.
Okay, then.
Something hits you.
You die...

....≈..[.#
...?.....#
.........#
.........+
...!)....######
.#######.O.R<.#
##.#######.####)#
.........O...RO.#
..........>#@...#
....†#####.#.##†#
.### #.#....#
#.###### #.##..<#
#....#R# #..#####
#.... #.####


You could see the friendly Ealdgyð the ancestor and 2 ogres.

Vanquished Creatures
  Grinder (D:3)
  A howler monkey (D:4)
  A jelly (D:5)
  An orc priest (D:4)
  2 hounds (D:4)
  A bullfrog skeleton (D:4)
  2 iguanas
  Natasha (thrice) (D:2)
  3 gnolls (D:4)
  2 adders (D:4)
  An adder skeleton (D:4)
  2 dart slugs
  2 orcs (D:4)
  3 endoplasms
  A giant cockroach (D:3)
  4 goblins
  2 hobgoblins
  4 kobolds
  3 ball pythons
  3 bats (D:1)
  7 frilled lizards
  A jackal skeleton (D:3)
  4 rats
54 creatures vanquished.

Vanquished Creatures (collateral kills)
  A bullfrog skeleton (D:4)
  An orc priest (D:4)
  An adder (D:4)
  A worm (D:5)
  2 orcs (D:4)
  A hobgoblin (D:4)
7 creatures vanquished.

Vanquished Creatures (others)
  A quokka (D:4)
  A fulminant prism (D:5)
  A plant (D:3)
3 creatures vanquished.

Grand Total: 64 creatures vanquished

Notes
Turn   | Place    | Note
-------+----------+-------------------------------------------
     0 | D:1      | ReploidZero the Djinni Conjurer began the quest for the
                  | Orb.
     0 | D:1      | Reached XP level 1. HP: 15/15 MP: 0/0
   374 | D:1      | Found Cyiximn's Antique Armour Emporium.
   520 | D:1      | Reached XP level 2. HP: 20/21 MP: 0/0
  1226 | D:2      | Noticed Natasha
  1231 | D:2      | Killed Natasha
  1232 | D:2      | Reached skill level 4 in Spellcasting
  1232 | D:2      | Reached XP level 3. HP: 17/25 MP: 0/0
  1232 | D:2      | Learned a level 1 spell: Pain
  1253 | D:2      | Noticed Natasha
  1257 | D:2      | Killed Natasha
  1258 | D:2      | Reached XP level 4. HP: 15/31 MP: 0/0
  1420 | D:2      | Noticed Natasha
  1427 | D:2      | Killed Natasha
  1738 | D:2      | You are sucked into a shaft and drop 1 floor!
  1834 | D:3      | Found a sparkling altar of Nemelex Xobeh.
  1834 | D:3      | Found a hazy altar of Hepliaklqana.
  1889 | D:3      | Reached XP level 5. HP: 15/35 MP: 0/0
  1889 | D:3      | Learned a level 2 spell: Corpse Rot
  2097 | D:3      | Became a worshipper of Hepliaklqana the Forgotten
  2246 | D:3      | Found a runed translucent gate.
  2246 | D:3      | Found a runed translucent gate.
  2246 | D:3      | Found a runed translucent gate.
  2363 | D:3      | Noticed coconutsonar's ghost (amateur DjWz)
  2466 | D:3      | Noticed Grinder
  2468 | D:3      | Paralysed by Grinder for 4 turns
  2476 | D:3      | Killed Grinder
  2477 | D:3      | Reached skill level 5 in Spellcasting
  2477 | D:3      | Reached XP level 6. HP: 22/40 MP: 0/0
  2755 | D:3      | Reached * piety under Hepliaklqana
  3359 | D:4      | Reached skill level 1 in Invocations
  3411 | D:4      | Reached XP level 7. HP: 31/40 MP: 0/0
  3411 | D:4      | Learned a level 2 spell: Poisonous Vapours
  3483 | D:4      | Found a white marble altar of Elyvilon.
  3488 | D:4      | Found a stormy altar of Qazlal.
  3490 | D:4      | Found a shimmering altar of Xom.
  3543 | D:4      | Reached skill level 6 in Spellcasting
  4306 | D:5      | Entered Level 5 of the Dungeon
  4763 | D:5      | HP: 1/40 [something (6)]
  4773 | D:5      | Slain by a sky beast

Illustrated notes

Levels and vault maps discovered:
D:1:      erik_arrival_triangle_large, layout_loops_ring, serial_shops,
          nicolae_lakefront_shop, minmay_misc_feat_pillars,
          minmay_misc_feat_five
D:2:      layout_loops_ring, ebering_ecumenical_altar_mist, uniq_natasha
D:3:      layout_loops_corners, gammafunk_temple_overflow_forgotten,
          gammafunk_ghost_icy, uniq_grinder
D:4:      layout_basic, elyvilon_altar_4, minitemple
D:5:      layout_basic

Skill      XL: |  1  2  3  4  5  6  7 |
---------------+----------------------+-----
Spellcasting   | 4 5 6 |  6.7
Invocations    | 1 2 |  2.1
Dodging        | |  2.1
Stealth        | |  1.5

Action                   |  1- 3 |  4- 6 |  7- 9 || total
-------------------------+-------+-------+-------++-------
Melee: Short sword       |    23 |    27 |       ||    50
       Dagger            |       |    47 |     4 ||    51
 Cast: Magic Dart        |    19 |       |    29 ||    48
       Searing Ray       |     2 |    10 |     9 ||    21
       Pain              |     3 |     1 |       ||     4
       Dazzling Flash    |       |     1 |       ||     1
       Fulminant Prism   |       |       |     1 ||     1
Invok: Ancestor Identity |       |     1 |       ||     1
Armor: Robe              |    10 |    12 |     1 ||    23
Dodge: Dodged            |    30 |    46 |     8 ||    84

Table legend: (Time is in decaauts)
 A = Elapsed time spent in this place.
 B = Non-inter-level travel time spent in this place.
 C = Inter-level travel time spent in this place.
 D = Time resting spent in this place.
 E = Time spent auto-exploring this place.
 F = Levels seen in this place.
 G = Mean time per level.
                   A        B        C        D        E       F      G
               +--------+--------+--------+--------+--------+-----+--------+
         Total |   4777 |   4631 |    146 |      0 |   4127 |   5 |  955.4 |
       Dungeon |   4777 |   4631 |    146 |      0 |   4127 |   5 |  955.4 |
               +--------+--------+--------+--------+--------+-----+--------+

Top non-repeatable levels by time:
     D:4: 1610 daAuts
     D:3: 1301 daAuts
     D:1: 1217 daAuts
     D:2: 523 daAuts
     D:5: 124 daAuts
